 Dungeon Crawl Stone Soup version 0.30-a0-390-g80c34de65d (webtiles) character file.

Game seed: 11319305128964598826

509 qeuew the Gusty (level 6, -7/48 HPs)
             Began as a Draconian Air Elementalist on Dec 4, 2022.
             Mangled by Menkaure (13 damage)
             ... on level 5 of the Dungeon.
             The game lasted 00:07:13 (4885 turns).

qeuew the Gusty (Draconian Air Elementalist)        Turns: 4885, Time: 00:07:13

Health: -7/48      AC:  6    Str: 13    XL:     6   Next: 98%
Magic:  2/11       EV: 16    Int: 15    God:
Gold:   239        SH:  0    Dex: 11    Spells: 9/12 levels left

rFire   . . .      SeeInvis .    h - +0 mace (freeze)
rCold   . . .      Faith    .    (no shield)
rNeg    . . .      Spirit   .    (body armour unavailable)
rPois   .          Reflect  .    (helmet restricted)
rElec   .          Harm     .    (no cloak)
rCorr   .          Rampage  .    (no gloves)
Will    .....                    (no boots)
Stlth   ++........               (no amulet)
HPRegen 0.28/turn                e - +4 ring of evasion
MPRegen 0.12/turn                (no ring)

@: no status effects
A: AC +6, unfitting armour, cold-blooded, antennae 1, stinger 1
a: no special abilities


You were on level 5 of the Dungeon.
You visited 1 branch of the dungeon, and saw 5 of its levels.

You collected 239 gold pieces.

Inventory:

Hand Weapons
 h - a +0 mace of freezing (weapon)
Missiles
 b - 2 throwing nets
Jewellery
 e - a +4 ring of evasion (left hand)
Wands
 i - a wand of polymorph (8)
Scrolls
 g - a scroll of noise {unknown}
 j - a scroll of acquirement {unknown}
 k - 3 scrolls of teleportation
 l - a scroll of identify
Potions
 a - 2 potions of magic
 c - 2 potions of brilliance
 d - a potion of curing
 f - a potion of haste
 m - a potion of ambrosia
 o - 3 potions of mutation


   Skills:
 + Level 2.2 Fighting
 + Level 1.7 Maces & Flails
 + Level 2.7 Dodging
 + Level 3.0 Stealth
 * Level 3.7 Spellcasting
 * Level 3.5 Conjurations
 + Level 3.8 Air Magic


You had 9 spell levels left.
You knew the following spells:

 Your Spells              Type           Power      Damage    Failure   Level
a - Shock                 Conj/Air       52%        1d6       4%          1
b - Static Discharge      Conj/Air       26%        2-4/arc   6%          2

Your spell library contained the following spells:

 Spells                   Type           Power      Damage    Failure   Level
 Swiftness                Air            14%        N/A       12%         3
 Apportation              Tloc           4%         N/A       19%         1
 Necrotise                Necr           8%         1d4       19%         1
 Summon Small Mammal      Summ           8%         N/A       19%         1
 Dazzling Flash           Conj/Hex       16%        N/A       26%         3
 Airstrike                Air            7%         2d(1-17)  36%         4
 Call Canine Familiar     Summ           2%         N/A       50%         3
 Summon Guardian Golem    Hex/Summ       2%         N/A       50%         3
 Iskenderun's Mystic Bla  Conj/Tloc      8%         2d4       65%         4
 Starburst                Conj/Fire      4%         6d3       100%        6


Dungeon Overview and Level Annotations

Branches:
Dungeon (5/15)
 Temple: D:4-7

Altars:

Annotations:
D:5 Menkaure


Innate Abilities, Weirdness & Mutations

Your plain brown scales are hard. (AC +6)
You cannot fit into any form of body armour.
You are cold-blooded and may be slowed by cold attacks.
You have a pair of small antennae on your head.
Your tail ends in a venomous barb.


Message History

Menkaure is heavily damaged.
Menkaure calls on the powers of darkness!
Your body is wracked with pain!
The zap hits Menkaure.
Menkaure is heavily damaged.
Menkaure calls on the powers of darkness!
Your body is wracked with pain!
* * * LOW HITPOINT WARNING * * *
You are too injured to fight recklessly!
You are too injured to fight recklessly!
You are too injured to fight recklessly!
Aiming: Shock (safe; 4% risk of failure)
Press: ? - help, Q - select action, (/) - cycle Shift-Dir - straight line, f/p - Menkaure
Aim: Menkaure (heavily damaged, fast, 85% to hit)
The zap hits Menkaure.
Menkaure is severely damaged.
Menkaure casts a spell at you.
You barely resist.
Aiming: Shock (safe; 4% risk of failure)
Press: ? - help, Q - select action, (/) - cycle Shift-Dir - straight line, f/p - Menkaure
Aim: Menkaure (severely damaged, fast, 85% to hit)
The zap hits Menkaure.
Menkaure is almost destroyed.
Unknown command.
Aiming: Shock (safe; 4% risk of failure)
Press: ? - help, Q - select action, (/) - cycle Shift-Dir - straight line, f/p - Menkaure
Aim: Menkaure (almost destroyed, fast, 85% to hit)
The zap hits Menkaure.
Menkaure is almost destroyed.
Unknown command.
Aiming: Shock (safe; 4% risk of failure)
Press: ? - help, Q - select action, (/) - cycle Shift-Dir - straight line, f/p - Menkaure
Aim: Menkaure (almost destroyed, fast, 85% to hit)
The zap misses Menkaure.
Menkaure hits you!
* * * LOW HITPOINT WARNING * * *
You hit Menkaure but do no damage.
Menkaure is almost destroyed.
Menkaure hits you!
You die...

###### #....# ##########
# #....# #[.......#
###....###........####.#
................@M......
###...............####.#
# #####...........# #
#....######## #
#....#### # #....[..# #
#.#.....# # #..#<.)..#
#. ###...# .


You could see Menkaure (fast).

Vanquished Creatures
  A water moccasin (D:5)
  An ice beast (D:5)
  A jelly (D:3)
  An orc priest (D:3)
  A hound (D:5)
  Natasha (thrice) (D:4)
  Robin (D:3)
  4 adders
  3 dart slugs
  8 orcs
  4 ball pythons
  7 bats
  5 endoplasms
  2 giant cockroaches
  16 goblins
  5 hobgoblins
  7 jackals
  5 kobolds
  3 quokkas
  8 frilled lizards
  10 rats
96 creatures vanquished.

Vanquished Creatures (others)
  3 withered plants (D:3)
3 creatures vanquished.

Grand Total: 99 creatures vanquished

Notes
Turn   | Place    | Note
-------+----------+-------------------------------------------
     0 | D:1      | qeuew the Draconian Air Elementalist began the quest for
                  | the Orb.
     0 | D:1      | Reached XP level 1. HP: 14/14 MP: 3/3
   176 | D:1      | Reached XP level 2. HP: 20/20 MP: 0/5
   821 | D:1      | Reached XP level 3. HP: 27/27 MP: 2/6
  1116 | D:1      | Learned a level 2 spell: Static Discharge
  1800 | D:2      | Gained mutation: You have sharp toenails. [potion of
                  | mutation]
  1800 | D:2      | Gained mutation: You sometimes lose your temper in combat.
                  | [potion of mutation]
  1800 | D:2      | Gained mutation: Your flesh is cold resistant. (rC+)
                  | [potion of mutation]
  1801 | D:2      | Lost mutation: You sometimes lose your temper in combat.
                  | [potion of mutation]
  1801 | D:2      | Lost mutation: You have sharp toenails. [potion of
                  | mutation]
  1801 | D:2      | Lost mutation: Your flesh is cold resistant. (rC+) [potion
                  | of mutation]
  1801 | D:2      | Gained mutation: Your tail ends in a venomous barb. [potion
                  | of mutation]
  1801 | D:2      | Gained mutation: You have sharp toenails. [potion of
                  | mutation]
  1801 | D:2      | Lost mutation: You have sharp toenails. [potion of
                  | mutation]
  1801 | D:2      | Gained mutation: You have a pair of small antennae on your
                  | head. [potion of mutation]
  1855 | D:3      | Reached XP level 4. HP: 33/34 MP: 0/8
  2050 | D:3      | Reached skill level 1 in Fighting
  2276 | D:3      | Reached XP level 5. HP: 40/40 MP: 4/9
  2567 | D:3      | You fall into a shaft and drop 2 floors!
  2567 | D:5      | Entered Level 5 of the Dungeon
  2569 | D:5      | Found the +5 robe of Misfortune {Harm *Corrode *Slow EV+5}
  2583 | D:4      | Noticed Natasha
  2590 | D:4      | Killed Natasha
  2627 | D:4      | Noticed Natasha
  2644 | D:4      | Killed Natasha
  2645 | D:4      | Reached skill level 1 in Maces & Flails
  2756 | D:4      | Noticed Natasha
  2764 | D:4      | Killed Natasha
  3799 | D:3      | Noticed Robin
  3812 | D:3      | Killed Robin
  3816 | D:3      | Reached XP level 6. HP: 20/48 MP: 2/10
  3979 | D:3      | Found a faded altar of an unknown god.
  4641 | D:5      | Noticed an ice beast
  4657 | D:5      | Killed an ice beast
  4765 | D:5      | Noticed a water moccasin
  4776 | D:5      | Killed a water moccasin
  4874 | D:5      | Noticed Menkaure
  4885 | D:5      | Mangled by Menkaure

Illustrated notes

Levels and vault maps discovered:
D:1:      dpeg_arrival_shrine, layout_basic
D:2:      layout_rooms
D:3:      layout_basic, shapermc_ecumenical_altar_flowoftime, minmay_bisected,
          uniq_robin
D:4:      layout_basic, uniq_natasha
D:5:      layout_basic, elyvilon_altar_4, nicolae_ossuary_entry_plus,
          uniq_menkaure

Skill      XL: |  1  2  3  4  5  6 |
---------------+-------------------+-----
Stealth        | 2 3 |  3.0
Dodging        | 2 |  2.7
Conjurations   | 2 3 |  3.5
Fighting       | 1 2 |  2.2
Spellcasting   | 3 |  3.7
Maces & Flails | 1 |  1.7
Air Magic      | |  3.8

Action                   |  1- 3 |  4- 6 || total
-------------------------+-------+-------++-------
Melee: Unarmed           |    47 |       ||    47
       Tailslap          |    14 |    10 ||    24
       Club              |    48 |       ||    48
       Mace              |       |    64 ||    64
       Punch             |       |     1 ||     1
 Cast: Shock             |    73 |   111 ||   184
       Static Discharge  |       |     3 ||     3
  Use: Scroll            |     7 |     6 ||    13
       Potion            |     5 |     1 ||     6
 Stab: Sleeping          |       |     1 ||     1
Armor: Skin              |    50 |    27 ||    77
Dodge: Dodged            |    85 |    74 ||   159

Table legend: (Time is in decaauts)
 A = Elapsed time spent in this place.
 B = Non-inter-level travel time spent in this place.
 C = Inter-level travel time spent in this place.
 D = Time resting spent in this place.
 E = Time spent auto-exploring this place.
 F = Levels seen in this place.
 G = Mean time per level.
                   A        B        C        D        E       F      G
               +--------+--------+--------+--------+--------+-----+--------+
         Total |   4915 |   4798 |    117 |     65 |   4100 |   5 |  983.0 |
       Dungeon |   4915 |   4798 |    117 |     65 |   4100 |   5 |  983.0 |
               +--------+--------+--------+--------+--------+-----+--------+

Top non-repeatable levels by time:
     D:3: 1412 daAuts
     D:1: 1139 daAuts
     D:4: 975 daAuts
     D:5: 701 daAuts
     D:2: 686 daAuts
